 Dungeon Crawl Stone Soup version 0.19-a0-644-gd04d753 (webtiles) character file.

146 epen the Charmwright (level 5, 0/39 HPs)
             Began as a Merfolk Skald on June 14, 2016.
             Slain by an orc
             ... wielding a +0 falchion
              (6 damage)
             ... on level 3 of the Dungeon.
             The game lasted 00:03:22 (2511 turns).

epen the Charmwright (Merfolk Skald)                Turns: 2511, Time: 00:03:22

Health: 0/39       AC:  4    Str: 13    XL:     5   Next: 28%
Magic:  7/8        EV: 13    Int: 11    God:
Gold:   176        SH:  0    Dex: 14    Spells: 3 memorised, 3 levels left

rFire  . . .     SeeInvis .     a - +0 spear
rCold  . . .     Gourm    +     b - +0 leather armour
rNeg   + . .     Faith    .     (no shield)
rPois  .         Spirit   .     (no helmet)
rElec  .         Dismiss  .     (no cloak)
rCorr  .         Reflect  .     f - +0 pair of gloves
SustAt .         Harm     .     (no boots)
MR     .....                    i - amulet of the gourmand
Stlth  +.........               (no ring)
                                s - ring of positive energy

@: infused, not resistant to hostile enchantments, very unstealthy
A: change form in water, swift swim
a: no special abilities


You were on level 3 of the Dungeon.
You were completely stuffed.

You visited 1 branch of the dungeon, and saw 3 of its levels.

You collected 176 gold pieces.

Inventory:

Hand Weapons
 a - a +0 spear (weapon)
Armour
 b - a +0 leather armour (worn)
 f - a +0 pair of gloves (worn)
Jewellery
 i - an amulet of the gourmand (around neck)
 s - a ring of positive energy (left hand)
Scrolls
 k - 2 scrolls of teleportation {unknown}
 l - 2 scrolls of remove curse {unknown}
 n - 2 scrolls of identify {unknown}
 q - 2 scrolls of fog {unknown}
Potions
 e - 2 potions of cancellation {unknown}
 h - 3 potions of haste {unknown}
 j - 2 potions of flight {unknown}
 p - a potion of lignification {unknown}
 r - a potion of mutation {unknown}
Books
 c - a book of Battle

   Spells                             Type                      Level
   a - Infusion                       Charms                       1
   b - Shroud of Golubria             Charms/Translocation         2
   c - Song of Slaying                Charms                       2
   d - Spectral Weapon                Hexes/Charms                 3
   e - Regeneration                   Charms/Necromancy            3
Comestibles
 d - 2 bread rations
 m - 2 meat rations
 o - 4 fruits
 t - 2 chunks of flesh


   Skills:
 + Level 2.5 Fighting
 + Level 3.9 Polearms
 + Level 1.3 Armour
 + Level 3.3 Dodging
 + Level 2.5 Spellcasting
 + Level 0.8 Hexes
 * Level 4.1 Charms


You had 3 spell levels left.
You knew the following spells:

 Your Spells              Type           Power        Failure   Level  Hunger
a - Infusion              Chrm           ##..         10%         1    ##.....
b - Song of Slaying       Chrm           ##......     12%         2    ###....
c - Spectral Weapon       Hex/Chrm       #.......     38%         3    ####...


Dungeon Overview and Level Annotations

Branches:
Dungeon (3/15)

Altars:
Zin


Message History

The orc wizard mumbles some strange words.
The orc wizard blinks!
You hit the orc wizard but do no damage.
The orc wizard is moderately wounded.
The orc hits you but does no damage.
The orc wizard casts a spell.
The orc wizard seems to speed up.
Casting: Song of Slaying
Confirm with . or Enter, or press ? or * to list all spells.
You begin infusing your attacks with magical energy.
The orc wizard hits you but does no damage.
The orc barely misses you. The orc wizard hits you with a dagger.
* * * LOW HITPOINT WARNING * * *
The orc closely misses you.
You closely miss the orc wizard.
The orc wizard is moderately wounded.
You feel yourself speed up.
The orc wizard hits you but does no damage.
The orc wizard closely misses you. The orc hits you with a falchion.
You die...

# #.# #.# .# # #.#
#.# .# ####.# #.###
.....# #.. . ######
#. # .### # ..# #
#o# # #@# # #o# #
#)# # #########.#.#
######.........#.#
........########.#
........# #....#
........#####.####
............#.######


You could see an orc wizard and an orc.

Vanquished Creatures
  An orc wizard (D:3)
  4 adders (D:2)
  An ooze (D:1)
  3 worms
  3 dart slugs
  A giant gecko (D:3)
  2 orcs (D:3)
  A ball python (D:3)
  4 giant cockroaches
  5 goblins
  6 hobgoblins
  5 jackals
  A quokka (D:2)
  10 bats
  3 giant newts
  4 kobolds
  6 rats
60 creatures vanquished.

Notes
Turn   | Place    | Note
--------------------------------------------------------------
     0 | D:1      | epen the Merfolk Skald began the quest for the Orb.
     0 | D:1      | Reached XP level 1. HP: 16/16 MP: 3/3
    93 | D:1      | Reached XP level 2. HP: 20/22 MP: 5/5
   129 | D:1      | Learned a level 2 spell: Song of Slaying
   613 | D:1      | Reached XP level 3. HP: 27/27 MP: 6/6
  1098 | D:2      | Learned a level 3 spell: Spectral Weapon
  1116 | D:2      | Reached skill level 1 in Armour
  1320 | D:2      | Reached XP level 4. HP: 25/34 MP: 7/7
  2232 | D:3      | Found a faded altar of an unknown god.
  2347 | D:3      | Reached skill level 4 in Charms
  2357 | D:3      | Found a glowing silver altar of Zin.
  2466 | D:3      | Reached XP level 5. HP: 39/39 MP: 8/8
  2511 | D:3      | Slain by an orc

Vault maps used:
D:1:      scummos_arrival_simple_fountains, minmay_misc_feat_ornament,
          minivault_14
D:2:      first_bread, minmay_crystal_room, minmay_quantized
D:3:      lemuel_doored_altar, ecumenical_altar_1,
          gammafunk_pakellas_statue_experiment

Skill      XL: |  1  2  3  4 |
---------------+-------------+-----
Dodging        | 2 3 |  3.3
Armour         | 1 |  1.3
Charms         | 4 |  4.1
Fighting       | |  2.5
Polearms       | |  3.9
Spellcasting   | |  2.5
Hexes          | |  0.8

Action                   |  1- 3 |  4- 6 || total
-------------------------+-------+-------++-------
Melee: Spear             |   122 |   172 ||   294
 Cast: Infusion          |     2 |     1 ||     3
       Song of Slaying   |       |     1 ||     1
  Use: Potion            |     1 |     1 ||     2
 Stab: Sleeping          |     1 |     1 ||     2
  Eat: Chunk             |     4 |    12 ||    16
Armor: Leather armour    |    24 |    38 ||    62
Dodge: Dodged            |    53 |   111 ||   164
